 Dungeon Crawl Stone Soup version 0.21-a0-39-g28ea6b7 (webtiles) character file.

753 TheGoonsmith the Chopper (level 7, -9/56 HPs)
             Began as a Demonspawn Gladiator on May 30, 2017.
             Mangled by Prince Ribbit (15 damage)
             ... on level 5 of the Dungeon.
             The game lasted 00:06:21 (3984 turns).

TheGoonsmith the Chopper (Demonspawn Gladiator)     Turns: 3984, Time: 00:06:22

Health: -9/56      AC:  8    Str: 17    XL:     7   Next: 49%
Magic:  7/7        EV: 10    Int: 13    God:
Gold:   180        SH:  0    Dex: 14    Spells: 6/6 levels left

rFire    . . .     SeeInvis .   a - +1 war axe
rCold    . . .     Gourm    .   (no shield)
rNeg     . . .     Faith    .   x - +0 chain mail
rPois    .         Spirit   .   (helmet restricted)
rElec    .         Reflect  .   (no cloak)
rCorr    .         Harm     .   (no gloves)
MR       .....                  (no boots)
Stlth    ..........             (no amulet)
Regen    0.2/turn               j - +4 ring of intelligence
MPRegen  0.1/turn               h - ring of wizardry

@: no status effects
A: horns 1, powered by death 3, sturdy frame 2
a: no special abilities


You were on level 5 of the Dungeon.
You were not hungry.

You visited 1 branch of the dungeon, and saw 5 of its levels.

You collected 180 gold pieces.

Inventory:

Hand Weapons
 a - a +1 war axe (weapon)
Missiles
 d - 3 throwing nets (quivered)
 y - 8 javelins
Armour
 b - a +0 leather armour
 c - a +1 helmet
 x - a +0 chain mail (worn)
Jewellery
 e - an uncursed ring of protection from magic
 h - a ring of wizardry (right hand)
 j - a +4 ring of intelligence (left hand)
 l - a +5 amulet of reflection {unknown}
Scrolls
 g - 2 scrolls of teleportation
 k - 2 scrolls of enchant weapon
 r - 3 scrolls of identify
Potions
 i - 3 potions of curing
 m - a potion of brilliance {unknown}
 p - a potion of lignification {unknown}
 q - a potion of mutation {unknown}
 s - 2 potions of flight
 u - a potion of might
 v - a potion of agility {unknown}
 w - 2 potions of haste {unknown}
Books
 o - a book of Frost

   Spells                             Type                      Level
   a - Freeze                         Ice                          1
   b - Throw Frost                    Conjuration/Ice              2
   c - Ozocubu's Armour               Charms/Ice                   3
   d - Throw Icicle                   Conjuration/Ice              4
   e - Summon Ice Beast               Ice/Summoning                4
Comestibles
 f - 3 bread rations
 n - 7 fruits
 t - a royal jelly


   Skills:
 + Level 5.1 Fighting
 * Level 6.8 Axes
 - Level 1.7 Throwing
 - Level 2.6 Dodging


You had 6 spell levels left.
You didn't know any spells.

Dungeon Overview and Level Annotations

Branches:
Dungeon (5/15)             Temple (0/1) D:5

Altars:
Ashenzari

Annotations:
D:5 Prince Ribbit


Innate Abilities, Weirdness & Mutations

You have a pair of small horns on your head.
You regenerate a lot of health from kills.
Your movements are less encumbered by armour. (ER -4)


Message History

You closely miss Prince Ribbit. Your headbutt misses Prince Ribbit.
Prince Ribbit is heavily wounded.
Prince Ribbit hits you! Prince Ribbit hits you.
You closely miss Prince Ribbit.
Prince Ribbit is heavily wounded.
Prince Ribbit barely misses you. Prince Ribbit closely misses you.
As you open the door, it creaks loudly!
Prince Ribbit hits you but does no damage.
Found a staircase to the Ecumenical Temple.
There is an open door here.
Prince Ribbit blinks!
You miss Prince Ribbit. You headbutt Prince Ribbit!
Prince Ribbit is heavily wounded.
Prince Ribbit hits you!
* * * LOW HITPOINT WARNING * * *
You slash Prince Ribbit!
Prince Ribbit is severely wounded.
Prince Ribbit hits you!
You die...

.#.#....,,*#.#,**,**,.,,,*
,*,*,....,*#.#,**,#*.#**,*
,*,*,$.ยง..##.#,**.##.#
*,*
,,,,,........#,,,....##*,*
,***,..?..##.####.....#*,*
,,,,,.....##...........,,*
*****.................#***
,,,,,#####.####'####..*
,,,,,* #:#....@..#,,*
,,,,,* #,#....F..#***
****** *,+...>...#
***********#.......#
,,,,,,,,,,*#.......#
*********,*####+#### ***
*,* *,,*,******* *,, *****
*,* *,**,**,,,,* *,, ,,,,*
*,* *,,*,**,,,,* *,,


You could see Prince Ribbit.

Vanquished Creatures
  Eustachio (D:4)
  The ghost of TheGoonsmith the Chopper, an amateur DsGl (D:3)
  An ogre (D:4)
  A bullfrog skeleton (D:4)
  An orc priest (D:3)
  3 orc wizards (D:3)
  A worker ant (D:4)
  A hound skeleton (D:4)
  6 adders
  7 gnolls (D:4)
  An adder skeleton (D:3)
  4 worms
  A dart slug (D:2)
  4 leopard geckos
  9 orcs
  4 giant cockroaches
  14 goblins
  4 hobgoblins
  3 jackals (D:3)
  6 kobolds
  A ball python (D:1)
  10 bats
  4 frilled lizards
  A leopard gecko skeleton (D:4)
  7 rats
96 creatures vanquished.

Vanquished Creatures (others)
  A plant (D:4)
1 creature vanquished.

Grand Total: 97 creatures vanquished

Notes
Turn   | Place    | Note
-------+----------+-------------------------------------------
     0 | D:1      | TheGoonsmith the Demonspawn Gladiator began the quest for the Orb.
     0 | D:1      | Reached XP level 1. HP: 16/16 MP: 1/1
    94 | D:1      | Reached skill level 3 in Axes
   345 | D:1      | Gained mutation: You regenerate a little health from kills. [demonic ancestry]
   345 | D:1      | Reached XP level 2. HP: 23/23 MP: 2/2
   796 | D:1      | Gained mutation: You regenerate health from kills. [demonic ancestry]
   796 | D:1      | Reached XP level 3. HP: 26/28 MP: 3/3
  1516 | D:2      | Gained mutation: Your movements are slightly less encumbered by armour. (ER -2) [demonic ancestry]
  1516 | D:2      | Reached XP level 4. HP: 26/35 MP: 4/4
  1569 | D:2      | Reached skill level 4 in Axes
  1970 | D:3      | Noticed TheGoonsmith's ghost (amateur DsGl)
  2287 | D:3      | Gained mutation: You have a pair of small horns on your head. [demonic ancestry]
  2287 | D:3      | Reached XP level 5. HP: 41/41 MP: 5/5
  2394 | D:3      | Reached skill level 5 in Axes
  2456 | D:3      | Killed TheGoonsmith's ghost
  2456 | D:3      | Gained mutation: You regenerate a lot of health from kills. [demonic ancestry]
  2456 | D:3      | Reached XP level 6. HP: 48/48 MP: 6/6
  2628 | D:4      | Found a shattered altar of Ashenzari.
  2636 | D:4      | Noticed Eustachio
  2659 | D:4      | Killed Eustachio
  2659 | D:4      | Reached skill level 6 in Axes
  2659 | D:4      | Gained mutation: Your movements are less encumbered by armour. (ER -4) [demonic ancestry]
  2659 | D:4      | Reached XP level 7. HP: 34/55 MP: 7/7
  3707 | D:4      | Reached skill level 5 in Fighting
  3918 | D:5      | Entered Level 5 of the Dungeon
  3970 | D:5      | Noticed Prince Ribbit
  3980 | D:5      | Found a staircase to the Ecumenical Temple.
  3984 | D:5      | Mangled by Prince Ribbit

Vault maps used:
D:1:      lemuel_arrival_broad_hall
D:4:      cheibrodos_old_hovel, ashenzari_conservatory_becter, uniq_eustachio
D:5:      temple_green, serial_shops, nicolae_shop_waterfront, first_bread,
          minmay_misc_feat_ornament, uniq_blork_the_orc, uniq_prince_ribbit1,
          uniq_pikel

Skill      XL: |  1  2  3  4  5  6  7 |
---------------+----------------------+-----
Axes           | 3 4 5 6 |  6.8
Fighting       | 3 4 5 |  5.1
Throwing       | |  1.7
Dodging        | |  2.6

Action                   |  1- 3 |  4- 6 |  7- 9 || total
-------------------------+-------+-------+-------++-------
Melee: War axe           |   127 |   161 |    82 ||   370
       Headbutt          |       |    12 |    19 ||    31
  Use: Potion            |     1 |     1 |       ||     2
       Scroll            |       |     9 |     4 ||    13
 Stab: Sleeping          |     1 |       |       ||     1
  Eat: Chunk             |     2 |     4 |     2 ||     8
       Meat ration       |       |       |     1 ||     1
Armor: Leather armour    |    50 |     9 |       ||    59
       Chain mail        |       |    51 |    35 ||    86
Dodge: Dodged            |   117 |    95 |    43 ||   255
